 Dungeon Crawl Stone Soup version 0.30-a0-728-gc68057be0a (webtiles) character file.

Game seed: 12174977210375665097

2718 DEFE the Grappler (level 9, 0/52 (61) HPs)
             Began as a Demonspawn Wanderer on Jan 30, 2023.
             Was an Initiate of Ru.
             Slain by a wight
             ... wielding a +5 scimitar
              (3 damage)
             ... on level 6 of the Dungeon.
             The game lasted 00:07:42 (7338 turns).

DEFE the Grappler (Demonspawn Wanderer)             Turns: 7338, Time: 00:07:42

HP:   0/52 (61)     AC: 10    Str: 16    XL:     9   Next: 39%
MP:   15/15         EV:  6    Int: 12    God:    Ru [......]
Gold: 306           SH:  0    Dex: 15    Spells: 15/16 levels left

rFire   . . .      SeeInvis .    s - +4 long sword (protect)
rCold   . . .      Faith    .    (no shield)
rNeg    . . .      Spirit   .    c - +0 chain mail
rPois   .          Reflect  .    (helmet restricted)
rElec   .          Harm     .    x - +0 cloak
rCorr   .          Rampage  .    (no gloves)
Will    .....                    i - +0 pair of boots Stlth
                                 (no amulet)
HPRegen 0.28/turn                (no ring)
MPRegen 0.14/turn                (no ring)

@: mighty, heavily drained
A: claws 1, hooves 2, horns 1, demonic guardian 1, spiny 1
a: Renounce Religion


You were on level 6 of the Dungeon.
You worshipped Ru.
Ru was noncommittal.
You visited 2 branches of the dungeon, and saw 8 of its levels.

You collected 306 gold pieces.

Inventory:

Hand Weapons
 a - a +0 dagger
 s - a +4 long sword of protection (weapon)
 u - a +1 dagger of venom
Armour
 c - a +0 chain mail (worn)
 e - a +0 robe
 i - a +0 pair of boots (worn)
 o - a +0 helmet
 x - a +0 cloak (worn)
Jewellery
 z - a ring of fire
Wands
 y - a wand of flame (24)
 A - a wand of charming (9)
Scrolls
 b - a scroll of torment {unknown}
 g - a scroll of summoning
 k - 6 scrolls of teleportation
 l - a scroll of magic mapping
 p - 3 scrolls of blinking
 q - a scroll of noise {unknown}
 r - 3 scrolls of amnesia
 t - 2 scrolls of enchant armour
 v - a scroll of fog {unknown}
 w - a scroll of acquirement {unknown}
 B - a scroll of identify
Potions
 d - a potion of might
 f - 2 potions of haste
 h - a potion of cancellation {unknown}
 j - 4 potions of curing {unknown}
 m - a potion of magic {unknown}
 n - a potion of attraction {unknown}
 C - 2 potions of resistance {unknown}


   Skills:
 - Level 1.8 Fighting
 - Level 1.0 Dodging
 + Level 9.5 Unarmed Combat
 - Level 4.0 Spellcasting
 - Level 1.0 Air Magic
 + Level 8.0 Evocations


You had 15 spell levels left.
You knew the following spells:

 Your Spells              Type           Power      Damage    Failure   Level
a - Shock                 Conj/Air       12%        1d3       98%         1

Your spell library contained the following spells:

 Spells                   Type           Power      Damage    Failure   Level
 Apportation              Tloc           4%         N/A       99%         1
 Magic Dart               Conj           8%         1d3       99%         1
 Necrotise                Necr           8%         1d4       99%         1
 Summon Small Mammal      Summ           8%         N/A       99%         1
 Call Imp                 Summ           2%         N/A       100%        2
 Call Canine Familiar     Summ           2%         N/A       100%        3
 Mephitic Cloud           Conj/Pois/Air  3%         N/A       100%        3
 Summon Guardian Golem    Hex/Summ       2%         N/A       100%        3
 Swiftness                Air            4%         N/A       100%        3


Dungeon Overview and Level Annotations

Branches:
Dungeon (7/15)             Temple (1/1) D:4

Altars:
Dithmenos
Fedhas
Gozag
Hepliaklqana
Kikubaaqudgha
Makhleb
Nemelex Xobeh
Okawaru
Qazlal
Ru
Trog
Vehumet
Wu Jian
Xom

Shops:
D:4 (


Innate Abilities, Weirdness & Mutations

You have sharp fingernails.
You have hoof-like feet.
You have a pair of small horns on your head.
A weak demonic guardian rushes to your aid.
You are partially covered in sharp spines.


Message History

Done waiting.
Unknown command.
You climb downwards.
The wight barely misses you. The wight completely misses you.
The wight hits you with a +2 mace.
You feel drained.
The wight hits you from afar with a +0 spear.
You feel drained.
There is a stone staircase leading up, spattered with blood here.
You take 10 damage, and have 51/58 hp.
The wight closely misses you.
The wight hits you with a +0 long sword.
You feel drained. The wight hits you but does no damage.
The wight barely misses you.
You climb upwards.
There is a stone staircase leading down here.
You take 5 damage, and have 46/56 hp.
Unknown command.
The wight attacks as you move away! The wight is struck by your spines.
The wight closely misses you. The wight hits you with a +5 scimitar.
You take 4 damage, and have 42/56 hp.
The wight attacks as you move away! The wight hits you with a +5 scimitar.
You feel drained.
You take 6 damage, and have 36/55 hp.
The wight attacks as you move away! The wight hits you with a +5 scimitar!
Items here: ))) [[[.
You take 16 damage, and have 20/55 hp.
MASSIVE DAMAGE!!
You barely miss the wight. The wight hits you with a +5 scimitar.
You feel drained. The wight hits you with a +5 scimitar!
* * * LOW HITPOINT WARNING * * *
A demonic guardian appears!
You take 11 damage, and have 9/54 hp.
MASSIVE DAMAGE!!
It was a potion of might.
You feel very mighty all of a sudden. The wight hits you with a +5 scimitar!
* * * LOW HITPOINT WARNING * * *
You feel drained.
You die...

###### ###### #....#
#....#
####....#########....#
#....................#
#.##....#########....#
#.##....# ##....#
#.##....# #.....#
###.##############z[)..#
................@zz>..##
##...#############5[..#
.#...# ##....##
.#...#### #......#
........# #......#
.#...##.##### #......#
.....##.....### #......#
.....######...# #......#
.....########.###......#


You could see 3 wights and a friendly shadow imp (summoned).

Vanquished Creatures
  Pikel (D:6)
  Prince Ribbit (D:7)
  A wraith (D:6)
  An ice beast (D:5)
  A black bear (D:6)
  3 centaurs
  A phantom (D:6)
  5 bullfrogs
  4 scorpions
  A necrophage (D:4)
  3 wights (D:6)
  A jelly (D:5)
  2 gnoll boudas
  An orc priest (D:6)
  2 hounds
  4 iguanas
  Robin (D:3)
  8 gnolls
  4 adders
  2 shadow imps
  A worm (D:3)
  2 dart slugs (D:1)
  21 orcs
  3 bats
  8 endoplasms
  2 giant cockroaches
  6 goblins
  10 hobgoblins
  7 jackals
  10 kobolds
  3 quokkas
  3 ball pythons
  2 frilled lizards
  12 rats
137 creatures vanquished.

Vanquished Creatures (collateral kills)
  An ogre (D:7)
  An iguana (D:5)
  An orc (D:7)
3 creatures vanquished.

Vanquished Creatures (others)
  A lemure (D:6)
1 creature vanquished.

Grand Total: 141 creatures vanquished

Notes
Turn   | Place    | Note
-------+----------+-------------------------------------------
     0 | D:1      | DEFE the Demonspawn Wanderer began the quest for the Orb.
     0 | D:1      | DEFE set off with the following items: a +0 dagger, a
                  | scroll of fear, a wand of polymorph (3), a scroll of
                  | summoning, a +0 robe, a potion of haste; and the following
                  | spell memorised: Shock; and the following spells available
                  | to memorise: Swiftness.
     0 | D:1      | Reached XP level 1. HP: 13/13 MP: 5/5
   175 | D:1      | Reached skill level 1 in Fighting
   357 | D:1      | Discovered your monstrous ancestry.
   357 | D:1      | Gained mutation: You have large cloven feet. [demonic
                  | ancestry]
   357 | D:1      | Reached XP level 2. HP: 19/22 MP: 7/7
   838 | D:2      | Reached skill level 3 in Unarmed Combat
  1709 | D:2      | Gained mutation: You are partially covered in sharp spines.
                  | [demonic ancestry]
  1709 | D:2      | Reached XP level 3. HP: 27/27 MP: 8/8
  1893 | D:3      | Noticed Sigmund
  1894 | D:3      | Sigmund changed into Sigmund the centaur
  1894 | D:3      | Noticed Sigmund
  1895 | D:3      | Sigmund the centaur changed into Sigmund the gnoll
  1895 | D:3      | Noticed Sigmund
  1896 | D:3      | Sigmund the gnoll changed into Sigmund the ball python
  1896 | D:3      | Noticed Sigmund
  1899 | D:3      | Killed Sigmund the ball python
  2374 | D:3      | Found a sparkling altar of Nemelex Xobeh.
  2374 | D:3      | Found an opulent altar of Gozag.
  2489 | D:3      | Reached skill level 4 in Unarmed Combat
  2571 | D:3      | Noticed Robin
  2574 | D:3      | Reached XP level 4. HP: 27/33 MP: 10/10
  2579 | D:3      | Killed Robin
  2650 | D:3      | Found a bloodstained altar of Trog.
  2905 | D:4      | Noticed a scorpion
  2969 | D:4      | Killed a scorpion
  2970 | D:4      | Reached skill level 5 in Unarmed Combat
  2970 | D:4      | Gained mutation: You have a pair of small horns on your
                  | head. [demonic ancestry]
  2970 | D:4      | Reached XP level 5. HP: 18/38 MP: 11/11
  3324 | D:4      | Found a staircase to the Ecumenical Temple.
  3337 | D:4      | Gained mutation: A weak demonic guardian rushes to your
                  | aid. [demonic ancestry]
  3337 | D:4      | Reached XP level 6. HP: 41/44 MP: 12/12
  3472 | Temple   | Entered the Ecumenical Temple
  3518 | Temple   | DEFE: !rng quazlal jiyva ru
  3518 | Temple   | beem: The RNG chooses: ru.
  3550 | D:4      | Found a sacrificial altar of Ru.
  3563 | D:4      | Became a worshipper of Ru the Awakened
  3599 | D:4      | Found Vephiorr's Weapon Boutique.
  3634 | D:4      | Reached skill level 6 in Unarmed Combat
  4294 | D:5      | Entered Level 5 of the Dungeon
  4346 | D:5      | Gained mutation: You have sharp fingernails. [demonic
                  | ancestry]
  4346 | D:5      | Reached XP level 7. HP: 37/49 MP: 13/13
  4392 | D:5      | Found an ornate altar of the Wu Jian Council.
  4748 | D:5      | Reached skill level 7 in Unarmed Combat
  5103 | D:6      | Reached XP level 8. HP: 56/56 MP: 14/14
  5176 | D:6      | Reached skill level 5 in Evocations
  5688 | D:6      | Reached skill level 8 in Unarmed Combat
  6364 | D:6      | Noticed Pikel
  6392 | D:6      | Killed Pikel
  6393 | D:6      | Gained mutation: You have hoof-like feet. [demonic
                  | ancestry]
  6393 | D:6      | Reached XP level 9. HP: 31/61 MP: 15/15
  6760 | D:7      | Noticed Prince Ribbit
  6768 | D:6      | Reached skill level 9 in Unarmed Combat
  6974 | D:7      | Killed Prince Ribbit
  7338 | D:6      | Slain by a wight

Illustrated notes

Levels and vault maps discovered:
D:1:      dpeg_arrival_rooms_a, layout_loops_ring
D:2:      layout_basic, minmay_rat_gold_closets
D:3:      layout_loops_corners, grunt_temple_overflow_opulence,
          trog_butcher_becter, st_stairs_3, uniq_sigmund, uniq_robin
D:4:      layout_rooms, mainiacjoe_overflow_chevrons,
          minmay_temple_entry_statues_pillars, serial_shops, shop_fountains
D:5:      layout_loops_ring, pdpol_wu_jian_five_deadly_venoms
D:6:      layout_basic, minmay_misc_feat_alley, lightli_orcish_oven, uniq_pikel
D:7:      layout_rooms, nicolae_uskayaw_dance_studio, kennysheep_orc_sif_temple,
          uniq_prince_ribbit1
Temple:   hellmonk_temple_of_storms

Skill      XL: |  1  2  3  4  5  6  7  8  9 |
---------------+----------------------------+-----
Fighting       | 1 |  1.8
Unarmed Combat | 3 4 5 6 7 8 9 |  9.5
Evocations     | 2 4 7 8 |  8.0
Dodging        | |  1.0
Spellcasting   | |  4.0
Air Magic      | |  1.0

Action                     |  1- 3 |  4- 6 |  7- 9 || total
---------------------------+-------+-------+-------++-------
  Melee: Dagger            |    99 |   117 |       ||   216
         Long sword        |    39 |     8 |   131 ||   178
         Punch             |     1 |     6 |     7 ||    14
         Headbutt          |       |    12 |    23 ||    35
 Invoke: Reject Sacrifices |       |       |     1 ||     1
  Evoke: Wand              |     3 |       |     2 ||     5
    Use: Scroll            |       |     2 |     9 ||    11
         Potion            |       |       |     1 ||     1
   Stab: Sleeping          |     6 |       |       ||     6
 Armour: Robe              |    29 |       |       ||    29
         Chain mail        |    15 |    57 |   101 ||   173
  Dodge: Dodged            |    68 |    40 |    63 ||   171

Table legend: (Time is in decaauts)
 A = Elapsed time spent in this place.
 B = Non-inter-level travel time spent in this place.
 C = Inter-level travel time spent in this place.
 D = Time resting spent in this place.
 E = Time spent auto-exploring this place.
 F = Levels seen in this place.
 G = Mean time per level.
                   A        B        C        D        E       F      G
               +--------+--------+--------+--------+--------+-----+--------+
         Total |   7442 |   7189 |    253 |   2537 |   3438 |   8 |  930.2 |
       Dungeon |   7383 |   7130 |    253 |   2537 |   3414 |   7 | 1054.7 |
        Temple |     59 |     59 |      0 |      0 |     24 |   1 |   59.0 |
               +--------+--------+--------+--------+--------+-----+--------+

Top non-repeatable levels by time:
     D:6: 2240 daAuts
     D:3: 1626 daAuts
     D:2: 1023 daAuts
     D:4: 933 daAuts
     D:1: 769 daAuts
     D:5: 596 daAuts
     D:7: 194 daAuts
  Temple: 59 daAuts
